 Dungeon Crawl Stone Soup version 0.17.0-18-gaab0e96 (webtiles) character file.

194 Gruud the Insei (level 5, -1/40 HPs)
             Began as a Demonspawn Transmuter on Nov 11, 2015.
             Killed from afar by Terence (9 damage)
             ... with a wand of flame
             ... on level 3 of the Dungeon.
             The game lasted 00:09:08 (2498 turns).

Gruud the Insei (Demonspawn Transmuter)             Turns: 2498, Time: 00:09:08

Health: -1/40      AC:  7    Str: 12    XL:     5   Next: 44%
Magic:  8/8        EV: 14    Int: 14    God:
Gold:   169        SH:  0    Dex: 15    Spells: 3 memorised, 2 levels left

rFire  . . .     SeeInvis .       - Unarmed
rCold  . . .     Clarity  .     q - +0 leather armour
rNeg   . . .     SustAt   .     (no shield)
rPois  .         Gourm    .     (no helmet)
rElec  .         Spirit   .     (no cloak)
rCorr  .         Warding  .     n - +2 pair of gloves
rMut   .         Stasis   .     (no boots)
MR     .....                    (no amulet)
Stlth  +.........               (no ring)
                                (no ring)

@: not resistant to hostile enchantments, very unstealthy
A: repulsion field 1, agile 1, robust 1, shaggy fur 1
a: no special abilities


You were on level 3 of the Dungeon.
You were not hungry.

You visited 1 branch of the dungeon, and saw 3 of its levels.

You collected 169 gold pieces.

Inventory:

Missiles
 a - 10 arrows
 g - 15 silver sling bullets
Armour
 n - a +2 pair of gloves (worn)
 q - a +0 leather armour (worn)
Scrolls
 k - a scroll of remove curse
 p - a scroll of recharging
Potions
 i - a potion of haste {unknown}
 o - 3 potions of might
 s - a potion of degeneration {unknown}
Books
 c - a book of Changes

   Spells                             Type                      Level
   a - Beastly Appendage              Transmutation                1
   b - Sticks to Snakes               Transmutation                2
   c - Spider Form                    Transmutation/Poison         3
   d - Ice Form                       Ice/Transmutation            4
   e - Blade Hands                    Transmutation                5
Miscellaneous
 j - a plain deck of destruction
Comestibles
 d - 2 bread rations
 f - a chunk of flesh
 l - a slice of pizza


   Skills:
 - Level 1.0 Fighting
 - Level 1.7 Dodging
 * Level 5.7 Unarmed Combat
 - Level 2.0 Spellcasting
 - Level 1.7 Transmutations


You had 2 spell levels left.
You knew the following spells:

 Your Spells              Type           Power        Failure   Level  Hunger
a - Beastly Appendage     Trmt           #.....       17%         1    ##.....
b - Sticks to Snakes      Trmt           #.........   24%         2    ###....
c - Spider Form           Trmt/Pois      #.........   75%         3    ####...


Dungeon Overview and Level Annotations

Branches:
Dungeon (3/15)

Altars:
Kikubaaqudgha
Nemelex Xobeh
Zin

Annotations:
D:3 Terence


Innate Abilities, Weirdness & Mutations

You are surrounded by a mild repulsion field (EV +2).
You are agile. (Dex +2)
You are robust (+10% HP).
You are covered in fur (AC +1).


Message History

Terence is severely wounded.
The bat misses you. Terence closely misses you.
You closely miss Terence. You claw Terence, but do no damage.
Terence is severely wounded.
The bat hits you but does no damage. x2
Terence drinks a potion.
Terence is healed!
A bat comes into view.
You barely miss Terence. The bat closely misses you.
Terence hits you with a flail.
* * * LOW HITPOINT WARNING * * *
You hit Terence but do no damage. The bat closely misses you.
You closely miss Terence. You claw Terence, but do no damage.
Your talons disappear.
The bat hits you but does no damage. x2
Terence zaps a wand.
The puff of flame hits you!
* * * LOW HITPOINT WARNING * * *
Drink which item? (? for menu, Esc to quit)
You feel better. The bat closely misses you. The bat closely misses you.
The bat closely misses you.
Terence zaps a wand.
The puff of flame hits you!
You die...

##### #.# .#
###.##..
#.....##>##
#.....#...#
........!
#########
....$#..
.........
....#
#########
#@b_#
#.##@b.#.##
#.........#
#.............
###.........#.
####...####
#...# #...#
##... ####


You could see Terence and 2 bats.

Vanquished Creatures
  An orc wizard (D:3)
  An orc priest (D:3)
  Jessica (D:2)
  4 adders
  3 giant geckos (D:2)
  3 orcs (D:3)
  6 bats
  4 giant cockroaches
  12 goblins
  6 hobgoblins
  A ball python (D:3)
  4 giant newts
  5 kobolds
  A quokka (D:3)
  11 rats
63 creatures vanquished.

Vanquished Creatures (collateral kills)
  An adder (D:3)
  A worm (D:2)
2 creatures vanquished.

Grand Total: 65 creatures vanquished

Notes
Turn   | Place    | Note
--------------------------------------------------------------
     0 | D:1      | Gruud the Demonspawn Transmuter began the quest for the Orb.
     0 | D:1      | Reached XP level 1. HP: 15/15 MP: 3/3
   166 | D:1      | Reached skill level 3 in Unarmed Combat
   483 | D:1      | Gained mutation: You are surrounded by a mild repulsion field (EV +2). [demonic ancestry]
   483 | D:1      | Reached XP level 2. HP: 14/21 MP: 3/5
   720 | D:1      | Found a sparkling altar of Nemelex Xobeh.
  1092 | D:2      | Learned a level 2 spell: Sticks to Snakes
  1134 | D:2      | Reached XP level 3. HP: 23/26 MP: 4/6
  1188 | D:2      | Reached skill level 4 in Unarmed Combat
  1238 | D:2      | Found a glowing silver altar of Zin.
  1308 | D:2      | Learned a level 3 spell: Spider Form
  1333 | D:2      | Noticed Jessica
  1441 | D:2      | Killed Jessica
  1441 | D:2      | Reached XP level 4. HP: 22/32 MP: 3/7
  1975 | D:3      | Reached skill level 5 in Unarmed Combat
  2055 | D:3      | Reached XP level 5. HP: 37/37 MP: 8/8
  2476 | D:3      | Gained mutation: You are robust (+10% HP). [potion of mutation]
  2476 | D:3      | Gained mutation: You are covered in fur (AC +1). [potion of mutation]
  2476 | D:3      | Gained mutation: You are agile. (Dex +2) [potion of mutation]
  2481 | D:3      | Found an ancient bone altar of Kikubaaqudgha.
  2482 | D:3      | Noticed Terence
  2498 | D:3      | Killed from afar by Terence

Action                   |  1- 3 |  4- 6 || total
-------------------------+-------+-------++-------
Melee: Unarmed           |   116 |   102 ||   218
 Cast: Beastly Appendage |    21 |    10 ||    31
       Spider Form       |     1 |       ||     1
       Sticks to Snakes  |       |     2 ||     2
  Use: Scroll            |     5 |     7 ||    12
       Potion            |     1 |     3 ||     4
  Eat: Chunk             |     2 |     4 ||     6
